Capitals vs Canucks

Created - February 20, 2021 at 20:22

Goals
1 2 3 T
Capitals 2 0 1 3
Canucks 0 1 1 2
Shots
1 2 3 T
Capitals 7 10 6 23
Canucks 11 19 7 37

1st period

1. Capitals , Ondrej Palat 6 (Jason Pominville 17) at 18:49
2. Capitals , Joe Pavelski 25 (Patrick Sharp 22, Brent Burns 30) at 19:03

Penalties :
Daniel Sedin (Van) for Hooking (Minor) at 0:36, Derek Roy (Was) for Slashing (Minor) at 19:30

2nd period

3. Canucks , Seth Helgeson 1 (Loui Eriksson 15, Tyler Toffoli 30) at 1:19 (PP)

Penalties :
Patrick Sharp (Was) for Interference (Minor) at 9:18

3rd period

4. Capitals , Jason Pominville 20 (Brent Burns 31) at 2:06 (PP)
5. Canucks , Jason Zucker 15 (Jason Akeson 15, Andy Rogers 9) at 5:23

Penalties :
James Wright (Van) for Hooking (Minor) at 1:33, Mikko Koivu (Was) for Hooking (Minor) at 7:23

Goalie Stats

Marc-André Fleury (Was), 35 saves from 37 shots - (0.946), W, 18-13-7, 60:00 minutes
Jacob Markstrom (Van), 20 saves from 23 shots - (0.870), L, 8-17-3, 59:36 minutes

Players Stats for Capitals

Player Name              G  A  P  +/- PIM S  H  SB GA TA FO     MP     PP MP  PK MP  
------------------------------------------------------------------------------------
Alexander Steen          0  0  0   0  0   2  2  0  0  0  0/0    13:48   0:00   0:28 
Brent Burns              0  2  2   1  0   0  0  2  1  0  0/0    23:57   1:27   3:43 
Derek Roy                0  0  0   1  2   2  1  3  0  0  12/22  20:48   1:26   1:31 
Duncan Keith             0  0  0  -1  0   1  0  0  0  1  0/0    20:26   1:05   2:04 
Dustin Brown             0  0  0   0  0   4  2  0  1  0  0/0    13:23   0:00   0:00 
Jamie Benn               0  0  0  -1  0   0  0  0  0  0  0/0    16:43   1:06   0:00 
Jared Spurgeon           0  0  0   0  0   0  0  0  0  0  0/0     3:04   0:00   0:00 
Jason Pominville         1  1  2  -1  0   3  2  1  0  2  0/1    21:30   1:06   4:01 
Joe Pavelski             1  0  1   2  0   6  1  0  1  0  9/9    24:48   1:26   3:55 
Marc-Édouard Vlasic      0  0  0   1  0   0  1  0  0  0  0/0    12:33   0:00   0:00 
Mike Green               0  0  0   1  0   1  1  3  0  2  0/0    27:01   1:27   3:43 
Mikko Koivu              0  0  0   0  2   0  1  0  1  0  3/8    14:16   0:00   0:17 
Ondrej Palat             1  0  1   1  0   1  1  1  1  0  0/0     6:03   0:00   0:09 
Patrick Sharp            0  1  1   1  2   1  1  1  2  0  2/2    18:16   1:26   0:00 
Ryan Getzlaf             0  0  0  -1  0   0  3  0  1  0  8/12   18:11   1:06   1:13 
Ryan Suter               0  0  0   1  0   0  0  0  0  1  0/0    12:33   0:00   0:00 
T.J. Oshie               0  0  0   1  0   1  2  0  0  0  0/0     6:24   0:00   0:00 
Trevor Daley             0  0  0  -1  0   1  1  2  0  0  0/0    20:26   1:05   2:04 

Players Stats for Canucks

Player Name              G  A  P  +/- PIM S  H  SB GA TA FO     MP     PP MP  PK MP  
------------------------------------------------------------------------------------
Andy Rogers              0  1  1   0  0   2  0  4  1  1  0/0    27:47   3:40   0:58 
Brandon Sutter           0  0  0   0  0   5  1  0  1  1  6/12   18:51   1:56   0:51 
Daniel Sedin             0  0  0   0  2   0  2  0  0  0  0/0    18:00   1:56   0:00 
Drew Fata                0  0  0   0  0   1  2  2  2  1  0/0    27:47   3:40   0:58 
James Wright             0  0  0   1  2   5  3  0  2  0  2/2    13:10   0:00   0:00 
Jason Akeson             0  1  1   1  0   2  2  0  0  0  1/1    13:25   0:14   0:00 
Jason Zucker             1  0  1   1  0   2  1  1  0  0  0/0    13:25   0:14   0:00 
Jeremy Morin             0  0  0   0  0   4  1  0  0  1  0/0    18:00   1:56   0:00 
Jonathan Blum            0  0  0   0  0   0  0  0  0  1  0/0    13:04   0:00   0:00 
Lane MacDermid           0  0  0   0  0   1  0  0  0  0  0/3     3:10   0:14   0:00 
Loui Eriksson            0  1  1  -1  0   4  3  1  0  1  0/2    21:57   3:37   0:51 
Mike Komisarek           0  0  0  -1  0   0  1  0  0  1  0/0    19:09   2:07   1:34 
Nikita Tryamkin          0  0  0   0  0   0  0  0  0  0  0/0    13:04   0:00   0:00 
Robert Nilsson           0  0  0  -2  0   6  1  1  0  0  10/31  24:48   3:37   1:41 
Ryane Clowe              0  0  0  -1  0   1  1  0  0  0  0/0     4:56   0:00   0:00 
Seth Helgeson            1  0  1  -1  0   1  2  2  0  0  0/0    19:09   2:07   1:34 
Spencer Machacek         0  0  0  -1  0   0  0  0  0  0  0/0     4:56   0:00   0:00 
Tyler Toffoli            0  1  1  -1  0   3  4  0  0  1  1/3    22:48   3:37   1:41 

3 Stars

1 - Marc-André Fleury (Was)
2 - Joe Pavelski (Was)
3 - Jason Pominville (Was)

Power Play

Capitals - 1 on 2 Attempt(s) - 50.00%
Canucks - 1 on 3 Attempt(s) - 33.33%

Penalty Kill

Capitals - 2 on 3 Attempt(s) - 66.67% - Score 0 goal in Penalty Kill
Canucks - 1 on 2 Attempt(s) - 50.00% - Score 0 goal in Penalty Kill

Team Stat

Capitals - Hits : 19 - Faceoff Wins : 34 - Blocked Shots : 13 - Penalty Minutes : 6
Canucks - Hits : 24 - Faceoff Wins : 20 - Blocked Shots : 11 - Penalty Minutes : 4

Official

Referees : Unknown
Linesman : Unknown

Game Notes

No Game Note

Finance

Level 1 -- Attendance: 5781 (96.35%) -- Ticket Income $479,823
Level 2 -- Attendance: 5000 (100.00%) -- Ticket Income $245,000
Level 3 -- Attendance: 1833 (91.65%) -- Ticket Income $62,322
Level 4 -- Attendance: 4000 (100.00%) -- Ticket Income $68,000
Luxury Box -- Attendance: 1000 (100.00%) -- Ticket Income $98,000
Game was played at the Budweiser Coliseum.
Total Attendance: 17614 (97.86%)
Total Ticket Income: $953,145
Other Income: $142,972
Total Income: $1,096,117

Capitals

5 vs 5 Forward 
   Center                   Left Wing                Right Wing               Time % Phy DF OF 
 1 Derek Roy                Patrick Sharp            Joe Pavelski             40     1   2  2  
 2 Ryan Getzlaf             Jamie Benn               Jason Pominville         30     1   2  2  
 3 Mikko Koivu              Alexander Steen          Dustin Brown             20     1   2  2  
 4 Joe Pavelski             Ondrej Palat             T.J. Oshie               10     1   2  2  

5 vs 5 Defense 
   Defense                  Defense                                           Time % Phy DF OF 
 1 Mike Green               Brent Burns                                       40     1   2  2  
 2 Trevor Daley             Duncan Keith                                      30     1   2  2  
 3 Ryan Suter               Marc-Édouard Vlasic                               20     1   2  2  
 4 Jared Spurgeon           Mike Green                                        10     1   2  2  

PowerPlay Forward 
   Center                   Left Wing                Right Wing               Time % Phy DF OF 
 1 Derek Roy                Patrick Sharp            Joe Pavelski             60     1   2  2  
 2 Ryan Getzlaf             Jamie Benn               Jason Pominville         40     1   2  2  

PowerPlay Defense
   Defense                  Defense                                           Time % Phy DF OF 
 1 Mike Green               Brent Burns                                       60     1   2  2  
 2 Trevor Daley             Duncan Keith                                      40     1   2  2  

Penalty Kill 4 Players Forward 
   Center                   Wing                     Time % Phy DF OF 
 1 Joe Pavelski             Jason Pominville         60     1   2  2  
 2 Derek Roy                Ryan Getzlaf             40     1   2  2  

Penalty Kill 4 Players Defense
   Defense                  Defense                  Time % Phy DF OF 
 1 Mike Green               Brent Burns              60     1   2  2  
 2 Trevor Daley             Duncan Keith             40     1   2  2  

Penalty Kill - 3 Players Forward 
   Forward                                           Time % Phy DF OF 
 1 Joe Pavelski                                      60     1   2  2  
 2 Jason Pominville                                  40     1   2  2  

Penalty Kill - 3 Players Defense
   Defense                  Defense                  Time % Phy DF OF 
 1 Mike Green               Brent Burns              60     1   2  2  
 2 Trevor Daley             Duncan Keith             40     1   2  2  

4 vs 4 Forward 
   Center                   Wing                     Time % Phy DF OF 
 1 Joe Pavelski             Jason Pominville         60     1   2  2  
 2 Derek Roy                Ryan Getzlaf             40     1   2  2  

4 vs 4 Defense
   Defense                  Defense                  Time % Phy DF OF 
 1 Mike Green               Brent Burns              60     1   2  2  
 2 Trevor Daley             Duncan Keith             40     1   2  2  

Last Minutes Offensive
   Center                   Left Wing                Right Wing               Defense                  Defense                  
   Derek Roy                Patrick Sharp            Joe Pavelski             Mike Green               Brent Burns              

Last Minutes Defensive
   Center                   Left Wing                Right Wing               Defense                  Defense                  
   Derek Roy                Patrick Sharp            Joe Pavelski             Mike Green               Brent Burns              

Goaltenders
Starting : Marc-André Fleury        
Backup : Keith Kinkaid            

Extra Forwards
Normal : Alexander Steen, Dustin Brown, Mikko Koivu - PP : Alexander Steen, Dustin Brown - PK : Mikko Koivu
Extra Defensemen
Normal : Ryan Suter, Marc-Édouard Vlasic, Jared Spurgeon - PP : Ryan Suter - PK : Marc-Édouard Vlasic, Jared Spurgeon
Penalty Shots
Joe Pavelski, Jason Pominville, Derek Roy, Ryan Getzlaf, Patrick Sharp

Scratches
Ryan Nugent-Hopkins (Healthy), Mike Hoffman (Healthy)

Canucks

5 vs 5 Forward 
   Center                   Left Wing                Right Wing               Time % Phy DF OF 
 1 Robert Nilsson           Loui Eriksson            Tyler Toffoli            40     1   2  2  
 2 Brandon Sutter           Daniel Sedin             Jeremy Morin             30     1   2  2  
 3 James Wright             Jason Zucker             Jason Akeson             20     1   2  2  
 4 Robert Nilsson           Ryane Clowe              Spencer Machacek         10     1   2  2  

5 vs 5 Defense 
   Defense                  Defense                                           Time % Phy DF OF 
 1 Drew Fata                Andy Rogers                                       40     1   2  2  
 2 Seth Helgeson            Mike Komisarek                                    30     1   2  2  
 3 Jonathan Blum            Nikita Tryamkin                                   20     1   2  2  
 4 Drew Fata                Andy Rogers                                       10     1   2  2  

PowerPlay Forward 
   Center                   Left Wing                Right Wing               Time % Phy DF OF 
 1 Robert Nilsson           Loui Eriksson            Tyler Toffoli            60     1   2  2  
 2 Brandon Sutter           Daniel Sedin             Jeremy Morin             40     1   2  2  

PowerPlay Defense
   Defense                  Defense                                           Time % Phy DF OF 
 1 Drew Fata                Andy Rogers                                       60     1   2  2  
 2 Seth Helgeson            Mike Komisarek                                    40     1   2  2  

Penalty Kill 4 Players Forward 
   Center                   Wing                     Time % Phy DF OF 
 1 Robert Nilsson           Tyler Toffoli            60     1   2  2  
 2 Brandon Sutter           Loui Eriksson            40     1   2  2  

Penalty Kill 4 Players Defense
   Defense                  Defense                  Time % Phy DF OF 
 1 Drew Fata                Andy Rogers              60     1   2  2  
 2 Seth Helgeson            Mike Komisarek           40     1   2  2  

Penalty Kill - 3 Players Forward 
   Forward                                           Time % Phy DF OF 
 1 Robert Nilsson                                    60     1   2  2  
 2 Tyler Toffoli                                     40     1   2  2  

Penalty Kill - 3 Players Defense
   Defense                  Defense                  Time % Phy DF OF 
 1 Drew Fata                Andy Rogers              60     1   2  2  
 2 Seth Helgeson            Mike Komisarek           40     1   2  2  

4 vs 4 Forward 
   Center                   Wing                     Time % Phy DF OF 
 1 Robert Nilsson           Tyler Toffoli            60     1   2  2  
 2 Brandon Sutter           Loui Eriksson            40     1   2  2  

4 vs 4 Defense
   Defense                  Defense                  Time % Phy DF OF 
 1 Drew Fata                Andy Rogers              60     1   2  2  
 2 Seth Helgeson            Mike Komisarek           40     1   2  2  

Last Minutes Offensive
   Center                   Left Wing                Right Wing               Defense                  Defense                  
   Robert Nilsson           Loui Eriksson            Tyler Toffoli            Drew Fata                Andy Rogers              

Last Minutes Defensive
   Center                   Left Wing                Right Wing               Defense                  Defense                  
   Robert Nilsson           Loui Eriksson            Tyler Toffoli            Drew Fata                Andy Rogers              

Goaltenders
Starting : Jacob Markstrom          
Backup : Martin Jones             

Extra Forwards
Normal : Lane MacDermid, Jason Zucker, Jason Akeson - PP : Lane MacDermid, Jason Zucker - PK : Jason Akeson
Extra Defensemen
Normal : Jonathan Blum, Nikita Tryamkin, Seth Helgeson - PP : Jonathan Blum - PK : Nikita Tryamkin, Seth Helgeson
Penalty Shots
Robert Nilsson, Tyler Toffoli, Brandon Sutter, Loui Eriksson, Daniel Sedin

Scratches
Steve Eminger (Torn Left MCL Injury)

% Time on Ice - Capitals

Lines # - Real PCT - Wanted PCT - Time Play
Normal Forward
1 - 33% - 40% - 16:53
2 - 32% - 30% - 16:23
3 - 23% - 20% - 11:31
4 - 11% - 10% - 5:49
Normal Defense
1 - 35% - 40% - 17:55
2 - 34% - 30% - 17:17
3 - 24% - 20% - 12:20
4 - 6% - 10% - 3:04
PP Forward
1 - 57% - 60% - 1:26
2 - 43% - 40% - 1:06
PP Defense
1 - 57% - 60% - 1:27
2 - 43% - 40% - 1:05
PK Forward
1 - 80% - 60% - 4:38
2 - 20% - 40% - 1:09
PK Defense
1 - 64% - 60% - 3:43
2 - 36% - 40% - 2:04
PK3 Forward
1 - 0% - 60%
2 - 0% - 40%
PK3 Defense
1 - 0% - 60%
2 - 0% - 40%
44 Forward
1 - 0% - 60%
2 - 0% - 40%
44 Defense
1 - 0% - 60%
2 - 0% - 40%
Last Minute Offensive  - 0:00
Last Minute Defensive  - 1:05
Total
Forward - 60:00
Defense - 60:00

% Time on Ice - Canucks

Lines # - Real PCT - Wanted PCT - Time Play
Normal Forward
1 - 33% - 40% - 16:28
2 - 32% - 30% - 16:04
3 - 26% - 20% - 13:11
4 - 10% - 10% - 4:56
Normal Defense
1 - 38% - 40% - 19:20
2 - 31% - 30% - 15:28
3 - 26% - 20% - 13:04
4 - 5% - 10% - 2:47
PP Forward
1 - 67% - 60% - 3:51
2 - 33% - 40% - 1:56
PP Defense
1 - 63% - 60% - 3:40
2 - 37% - 40% - 2:07
PK Forward
1 - 66% - 60% - 1:41
2 - 34% - 40% - 0:51
PK Defense
1 - 38% - 60% - 0:58
2 - 62% - 40% - 1:34
PK3 Forward
1 - 0% - 60%
2 - 0% - 40%
PK3 Defense
1 - 0% - 60%
2 - 0% - 40%
44 Forward
1 - 0% - 60%
2 - 0% - 40%
44 Defense
1 - 0% - 60%
2 - 0% - 40%
Last Minute Offensive  - 1:02
Last Minute Defensive  - 0:00
Total
Forward - 60:00
Defense - 60:00

Play-by-Play

1st period


0:01 of 1st period - Derek Roy wins face-off versus Robert Nilsson in neutral zone.
0:14 of 1st period - Snap shot by Derek Roy.
0:14 of 1st period - Shot Blocked by Andy Rogers.
0:26 of 1st period - Jeremy Morin is hit by Ryan Getzlaf and loses puck.
0:36 of 1st period - Minor Penalty to Daniel Sedin for Hooking.
0:37 of 1st period - Derek Roy wins face-off versus Robert Nilsson in Canucks zone.
0:37 of 1st period - Wrist shot by Patrick Sharp.
0:37 of 1st period - Deflect By Joe Pavelski.
0:37 of 1st period - Stopped by Jacob Markstrom with a rebound.
0:39 of 1st period - Wrist shot by Derek Roy.
0:39 of 1st period - Shot Blocked by Robert Nilsson.
0:47 of 1st period - Snap shot by Joe Pavelski.
0:47 of 1st period - Stopped by Jacob Markstrom without a rebound.
0:48 of 1st period - Brandon Sutter wins face-off versus Ryan Getzlaf in Canucks zone.
1:01 of 1st period - Mike Komisarek is hit by Jason Pominville and loses puck.
1:44 of 1st period - Icing by Brent Burns.
1:45 of 1st period - Ryan Getzlaf wins face-off versus Brandon Sutter in Capitals zone.
2:36 of 1st period - Penalty to Daniel Sedin is over, Daniel Sedin is back on ice.
2:49 of 1st period - Wrist shot by James Wright.
2:49 of 1st period - Stopped by Marc-André Fleury with a rebound.
3:09 of 1st period - Slapshot by Jeremy Morin.
3:09 of 1st period - Stopped by Marc-André Fleury without a rebound.
3:10 of 1st period - Ryan Getzlaf wins face-off versus Robert Nilsson in Capitals zone.
3:37 of 1st period - Brent Burns is hit by Seth Helgeson and loses puck.
4:35 of 1st period - Mike Komisarek is hit by Marc-Édouard Vlasic and loses puck.
4:48 of 1st period - Icing by T.J. Oshie.
4:49 of 1st period - Mikko Koivu wins face-off versus Tyler Toffoli in Capitals zone.
5:18 of 1st period - Brandon Sutter is hit by Derek Roy and loses puck.
5:41 of 1st period - Snap shot by Joe Pavelski.
5:41 of 1st period - Stopped by Jacob Markstrom with a rebound.
5:45 of 1st period - Wrist shot by Jamie Benn.
5:45 of 1st period - Deflect By Ryan Getzlaf.
5:45 of 1st period - Shot Misses the Net.
5:45 of 1st period - Puck is out of play.
5:46 of 1st period - Ryan Getzlaf wins face-off versus Loui Eriksson in Canucks zone.
6:05 of 1st period - Snap shot by Jason Pominville.
6:05 of 1st period - Shot Misses the Net.
6:07 of 1st period - Snap shot by Jason Pominville.
6:07 of 1st period - Shot Misses the Net.
6:09 of 1st period - Snap shot by Ryan Getzlaf.
6:09 of 1st period - Shot Misses the Net.
6:56 of 1st period - Wrist shot by Jason Pominville.
6:56 of 1st period - Shot Blocked by Drew Fata.
7:11 of 1st period - Snap shot by Robert Nilsson.
7:11 of 1st period - Stopped by Marc-André Fleury with a rebound.
7:13 of 1st period - Wrist shot by Tyler Toffoli.
7:13 of 1st period - Shot Blocked by Jason Pominville.
7:15 of 1st period - Slapshot by Andy Rogers.
7:15 of 1st period - Stopped by Marc-André Fleury without a rebound.
7:16 of 1st period - Brandon Sutter wins face-off versus Derek Roy in Capitals zone.
7:31 of 1st period - Wrist shot by Daniel Sedin.
7:31 of 1st period - Shot Blocked by Patrick Sharp.
7:47 of 1st period - Backhand shot by Mike Green.
7:47 of 1st period - Stopped by Jacob Markstrom without a rebound.
7:48 of 1st period - James Wright wins face-off versus Mikko Koivu in Canucks zone.
7:57 of 1st period - Jason Zucker is hit by Trevor Daley and loses puck.
8:12 of 1st period - Dustin Brown is hit by Jason Akeson and loses puck.
8:29 of 1st period - James Wright is hit by Dustin Brown.
8:49 of 1st period - Nikita Tryamkin is hit by Alexander Steen.
9:24 of 1st period - Slapshot by Duncan Keith.
9:24 of 1st period - Stopped by Jacob Markstrom with a rebound.
9:38 of 1st period - Alexander Steen is hit by James Wright.
9:42 of 1st period - Snap shot by James Wright.
9:42 of 1st period - Stopped by Marc-André Fleury with a rebound.
9:44 of 1st period - Wrist shot by James Wright.
9:44 of 1st period - Shot Misses the Net.
9:46 of 1st period - Snap shot by James Wright.
9:46 of 1st period - Stopped by Marc-André Fleury with a rebound.
9:48 of 1st period - Snap shot by James Wright.
9:48 of 1st period - Stopped by Marc-André Fleury without a rebound.
9:49 of 1st period - Robert Nilsson wins face-off versus Derek Roy in Capitals zone.
9:52 of 1st period - Wrist shot by Robert Nilsson.
9:52 of 1st period - Shot Blocked by Derek Roy.
10:04 of 1st period - Wrist shot by Derek Roy.
10:04 of 1st period - Shot Misses the Net.
10:28 of 1st period - Off-side.
10:29 of 1st period - Robert Nilsson wins face-off versus Derek Roy in neutral zone.
10:32 of 1st period - Derek Roy is hit by Ryane Clowe and loses puck.
11:00 of 1st period - Brandon Sutter is hit by Mike Green and loses puck.
11:15 of 1st period - Ryan Getzlaf is hit by Loui Eriksson and loses puck.
13:18 of 1st period - Derek Roy is hit by James Wright and loses puck.
13:53 of 1st period - Ryan Suter is hit by Jason Zucker and loses puck.
14:26 of 1st period - Drew Fata is hit by Ondrej Palat and loses puck.
14:39 of 1st period - James Wright is hit by Alexander Steen.
14:51 of 1st period - Duncan Keith is hit by Daniel Sedin and loses puck.
15:12 of 1st period - Trevor Daley is hit by James Wright and loses puck.
16:25 of 1st period - Brent Burns is hit by Drew Fata.
16:35 of 1st period - Snap shot by Tyler Toffoli.
16:35 of 1st period - Stopped by Marc-André Fleury with a rebound.
16:37 of 1st period - Snap shot by Loui Eriksson.
16:37 of 1st period - Stopped by Marc-André Fleury without a rebound.
16:38 of 1st period - Derek Roy wins face-off versus Robert Nilsson in Capitals zone.
16:53 of 1st period - Wrist shot by Jason Pominville.
16:53 of 1st period - Shot Blocked by Seth Helgeson.
17:19 of 1st period - Snap shot by Mikko Koivu.
17:19 of 1st period - Shot Misses the Net.
17:26 of 1st period - Icing by Seth Helgeson.
17:27 of 1st period - Jason Akeson wins face-off versus Derek Roy in Canucks zone.
17:59 of 1st period - Snap shot by Brandon Sutter.
17:59 of 1st period - Shot Misses the Net.
18:17 of 1st period - Slapshot by Mikko Koivu.
18:17 of 1st period - Shot Blocked by Jason Zucker.
18:19 of 1st period - Slapshot by Duncan Keith.
18:19 of 1st period - Shot Misses the Net.
18:23 of 1st period - Wrist shot by Mikko Koivu.
18:23 of 1st period - Shot Blocked by Andy Rogers.
18:49 of 1st period - Slapshot by Ondrej Palat.
18:49 of 1st period - Goal by Ondrej Palat - Capitals : 1 - Canucks : 0.
18:50 of 1st period - Derek Roy wins face-off versus Loui Eriksson in neutral zone.
19:01 of 1st period - Snap shot by Brent Burns.
19:01 of 1st period - Shot Blocked by Loui Eriksson.
19:03 of 1st period - Wrist shot by Patrick Sharp.
19:03 of 1st period - Deflect By Joe Pavelski.
19:03 of 1st period - Goal by Joe Pavelski - Capitals : 2 - Canucks : 0.
19:04 of 1st period - Derek Roy wins face-off versus Robert Nilsson in neutral zone.
19:04 of 1st period - Patrick Sharp is hit by Tyler Toffoli and loses puck.
19:11 of 1st period - Slapshot by Robert Nilsson.
19:11 of 1st period - Stopped by Marc-André Fleury without a rebound.
19:12 of 1st period - Robert Nilsson wins face-off versus Derek Roy in Capitals zone.
19:15 of 1st period - Snap shot by Robert Nilsson.
19:15 of 1st period - Stopped by Marc-André Fleury with a rebound.
19:17 of 1st period - Slapshot by Andy Rogers.
19:17 of 1st period - Shot Blocked by Derek Roy.
19:19 of 1st period - Slapshot by Drew Fata.
19:19 of 1st period - Shot Misses the Net.
19:21 of 1st period - Wrist shot by Tyler Toffoli.
19:21 of 1st period - Shot Misses the Net.
19:23 of 1st period - Snap shot by Tyler Toffoli.
19:23 of 1st period - Shot Blocked by Brent Burns.
19:25 of 1st period - Snap shot by Tyler Toffoli.
19:25 of 1st period - Shot Misses the Net.
19:30 of 1st period - Minor Penalty to Derek Roy for Slashing.
19:31 of 1st period - Joe Pavelski wins face-off versus Robert Nilsson in Capitals zone.
Goals for this period are 2 for Capitals vs 0 for Canucks.
Shots for this period are 7 for Capitals vs 11 for Canucks.

2nd period


0:01 of 2nd period - Joe Pavelski wins face-off versus Tyler Toffoli in neutral zone.
0:08 of 2nd period - Slapshot by Jason Pominville.
0:08 of 2nd period - Shot Misses the Net.
0:34 of 2nd period - Icing by Andy Rogers.
0:35 of 2nd period - Brandon Sutter wins face-off versus Mikko Koivu in Canucks zone.
0:42 of 2nd period - Snap shot by Jeremy Morin.
0:42 of 2nd period - Stopped by Marc-André Fleury without a rebound.
0:43 of 2nd period - Joe Pavelski wins face-off versus Robert Nilsson in Capitals zone.
0:59 of 2nd period - Icing by Mike Komisarek.
1:00 of 2nd period - Joe Pavelski wins face-off versus Robert Nilsson in Canucks zone.
1:13 of 2nd period - Wrist shot by Tyler Toffoli.
1:13 of 2nd period - Shot Blocked by Mike Green.
1:15 of 2nd period - Snap shot by Tyler Toffoli.
1:15 of 2nd period - Shot Blocked by Mike Green.
1:17 of 2nd period - Wrist shot by Loui Eriksson.
1:17 of 2nd period - Shot Misses the Net.
1:19 of 2nd period - Snap shot by Seth Helgeson.
1:19 of 2nd period - Goal by Seth Helgeson - Capitals : 2 - Canucks : 1.
1:20 of 2nd period - Patrick Sharp wins face-off versus Robert Nilsson in neutral zone.
1:27 of 2nd period - Snap shot by Derek Roy.
1:27 of 2nd period - Shot Misses the Net.
1:42 of 2nd period - Robert Nilsson is hit by Joe Pavelski and loses puck.
2:12 of 2nd period - Wrist shot by Tyler Toffoli.
2:12 of 2nd period - Stopped by Marc-André Fleury without a rebound.
2:13 of 2nd period - Brandon Sutter wins face-off versus Ryan Getzlaf in Capitals zone.
2:14 of 2nd period - Snap shot by Jeremy Morin.
2:14 of 2nd period - Shot Misses the Net.
2:26 of 2nd period - Jamie Benn is hit by Brandon Sutter and loses puck.
3:17 of 2nd period - Wrist shot by Ryan Getzlaf.
3:17 of 2nd period - Shot Misses the Net.
5:16 of 2nd period - Snap shot by Jason Akeson.
5:16 of 2nd period - Stopped by Marc-André Fleury with a rebound.
5:44 of 2nd period - Ryan Getzlaf is hit by Tyler Toffoli and loses puck.
7:31 of 2nd period - Slapshot by Patrick Sharp.
7:31 of 2nd period - Deflect By Derek Roy.
7:31 of 2nd period - Shot Misses the Net.
7:31 of 2nd period - Puck is out of play.
7:32 of 2nd period - Derek Roy wins face-off versus Lane MacDermid in Canucks zone.
7:37 of 2nd period - Snap shot by Derek Roy.
7:37 of 2nd period - Stopped by Jacob Markstrom with a rebound.
8:25 of 2nd period - Snap shot by Ryane Clowe.
8:25 of 2nd period - Shot Blocked by Ondrej Palat.
8:27 of 2nd period - Slapshot by Andy Rogers.
8:27 of 2nd period - Shot Blocked by Trevor Daley.
8:29 of 2nd period - Wrist shot by Ryane Clowe.
8:29 of 2nd period - Stopped by Marc-André Fleury with a rebound.
8:41 of 2nd period - Wrist shot by Alexander Steen.
8:41 of 2nd period - Shot Blocked by Andy Rogers.
8:49 of 2nd period - Slapshot by James Wright.
8:49 of 2nd period - Stopped by Marc-André Fleury with a rebound.
9:01 of 2nd period - Derek Roy is hit by Daniel Sedin and loses puck.
9:10 of 2nd period - Wrist shot by Jeremy Morin.
9:10 of 2nd period - Stopped by Marc-André Fleury with a rebound.
9:12 of 2nd period - Snap shot by Jeremy Morin.
9:12 of 2nd period - Shot Misses the Net.
9:18 of 2nd period - Minor Penalty to Patrick Sharp for Interference.
9:19 of 2nd period - Robert Nilsson wins face-off versus Jason Pominville in Capitals zone.
9:53 of 2nd period - Snap shot by Brandon Sutter.
9:53 of 2nd period - Stopped by Marc-André Fleury without a rebound.
9:54 of 2nd period - Joe Pavelski wins face-off versus Robert Nilsson in Capitals zone.
9:54 of 2nd period - Joe Pavelski is hit by Tyler Toffoli.
10:29 of 2nd period - Snap shot by Derek Roy.
10:29 of 2nd period - Stopped by Jacob Markstrom with a rebound.
10:31 of 2nd period - Wrist shot by Trevor Daley.
10:31 of 2nd period - Stopped by Jacob Markstrom with a rebound.
10:45 of 2nd period - Wrist shot by Drew Fata.
10:45 of 2nd period - Deflect By Jeremy Morin.
10:45 of 2nd period - Shot Misses the Net.
10:45 of 2nd period - Puck is out of play.
10:46 of 2nd period - Mikko Koivu wins face-off versus Brandon Sutter in Capitals zone.
11:11 of 2nd period - Brent Burns is hit by Robert Nilsson and loses puck.
11:18 of 2nd period - Penalty to Patrick Sharp is over, Patrick Sharp is back on ice.
11:27 of 2nd period - Snap shot by Brandon Sutter.
11:27 of 2nd period - Stopped by Marc-André Fleury with a rebound.
11:31 of 2nd period - Slapshot by Brandon Sutter.
11:31 of 2nd period - Stopped by Marc-André Fleury without a rebound.
11:32 of 2nd period - James Wright wins face-off versus Mikko Koivu in Capitals zone.
12:18 of 2nd period - Off-side.
12:19 of 2nd period - Brandon Sutter wins face-off versus Ryan Getzlaf in neutral zone.
12:46 of 2nd period - Wrist shot by Patrick Sharp.
12:46 of 2nd period - Stopped by Jacob Markstrom without a rebound.
12:47 of 2nd period - Joe Pavelski wins face-off versus Robert Nilsson in Canucks zone.
12:54 of 2nd period - Snap shot by Joe Pavelski.
12:54 of 2nd period - Deflect By Derek Roy.
12:54 of 2nd period - Shot Misses the Net.
12:54 of 2nd period - Puck is out of play.
12:55 of 2nd period - Robert Nilsson wins face-off versus Derek Roy in Canucks zone.
13:04 of 2nd period - Snap shot by Mike Komisarek.
13:04 of 2nd period - Shot Misses the Net.
13:10 of 2nd period - Wrist shot by Loui Eriksson.
13:10 of 2nd period - Shot Blocked by Derek Roy.
13:12 of 2nd period - Snap shot by Loui Eriksson.
13:12 of 2nd period - Stopped by Marc-André Fleury with a rebound.
13:19 of 2nd period - Icing by Duncan Keith.
13:20 of 2nd period - Ryan Getzlaf wins face-off versus Brandon Sutter in Capitals zone.
13:36 of 2nd period - Snap shot by Jason Pominville.
13:36 of 2nd period - Stopped by Jacob Markstrom without a rebound.
13:37 of 2nd period - Patrick Sharp wins face-off versus Robert Nilsson in Canucks zone.
13:50 of 2nd period - Wrist shot by Robert Nilsson.
13:50 of 2nd period - Shot Misses the Net.
14:08 of 2nd period - Slapshot by Derek Roy.
14:08 of 2nd period - Shot Blocked by Andy Rogers.
14:10 of 2nd period - Wrist shot by Jason Pominville.
14:10 of 2nd period - Stopped by Jacob Markstrom without a rebound.
14:11 of 2nd period - Brandon Sutter wins face-off versus Ryan Getzlaf in Canucks zone.
14:44 of 2nd period - Slapshot by Trevor Daley.
14:44 of 2nd period - Shot Misses the Net.
15:04 of 2nd period - Wrist shot by Jamie Benn.
15:04 of 2nd period - Shot Misses the Net.
16:24 of 2nd period - Slapshot by Brandon Sutter.
16:24 of 2nd period - Shot Blocked by Trevor Daley.
16:32 of 2nd period - Snap shot by Jeremy Morin.
16:32 of 2nd period - Shot Misses the Net.
16:34 of 2nd period - Slapshot by Drew Fata.
16:34 of 2nd period - Stopped by Marc-André Fleury with a rebound.
16:36 of 2nd period - Slapshot by Jeremy Morin.
16:36 of 2nd period - Stopped by Marc-André Fleury with a rebound.
16:38 of 2nd period - Snap shot by Jeremy Morin.
16:38 of 2nd period - Shot Misses the Net.
16:40 of 2nd period - Slapshot by Drew Fata.
16:40 of 2nd period - Shot Misses the Net.
16:42 of 2nd period - Slapshot by Andy Rogers.
16:42 of 2nd period - Stopped by Marc-André Fleury with a rebound.
16:44 of 2nd period - Slapshot by Brandon Sutter.
16:44 of 2nd period - Deflect By Jamie Benn.
16:44 of 2nd period - Stopped by Marc-André Fleury without a rebound.
16:45 of 2nd period - Robert Nilsson wins face-off versus Derek Roy in Capitals zone.
16:50 of 2nd period - Snap shot by Loui Eriksson.
16:50 of 2nd period - Deflect By Robert Nilsson.
16:50 of 2nd period - Stopped by Marc-André Fleury with a rebound.
17:17 of 2nd period - Wrist shot by Alexander Steen.
17:17 of 2nd period - Stopped by Jacob Markstrom without a rebound.
17:18 of 2nd period - Robert Nilsson wins face-off versus Derek Roy in Canucks zone.
17:27 of 2nd period - Patrick Sharp is hit by Tyler Toffoli.
17:53 of 2nd period - Wrist shot by James Wright.
17:53 of 2nd period - Shot Misses the Net.
18:07 of 2nd period - Wrist shot by Dustin Brown.
18:07 of 2nd period - Stopped by Jacob Markstrom with a rebound.
18:09 of 2nd period - Snap shot by Dustin Brown.
18:09 of 2nd period - Shot Blocked by Seth Helgeson.
18:11 of 2nd period - Wrist shot by Dustin Brown.
18:11 of 2nd period - Stopped by Jacob Markstrom with a rebound.
18:13 of 2nd period - Wrist shot by Dustin Brown.
18:13 of 2nd period - Stopped by Jacob Markstrom with a rebound.
18:15 of 2nd period - Wrist shot by Mikko Koivu.
18:15 of 2nd period - Shot Misses the Net.
18:29 of 2nd period - Mike Komisarek is hit by T.J. Oshie.
18:46 of 2nd period - Icing by Mikko Koivu.
18:47 of 2nd period - Joe Pavelski wins face-off versus Lane MacDermid in Capitals zone.
18:52 of 2nd period - Wrist shot by Loui Eriksson.
18:52 of 2nd period - Stopped by Marc-André Fleury with a rebound.
18:54 of 2nd period - Slapshot by Jonathan Blum.
18:54 of 2nd period - Shot Blocked by Brent Burns.
18:56 of 2nd period - Slapshot by Lane MacDermid.
18:56 of 2nd period - Shot Misses the Net.
18:58 of 2nd period - Wrist shot by Lane MacDermid.
18:58 of 2nd period - Stopped by Marc-André Fleury with a rebound.
19:00 of 2nd period - Snap shot by Tyler Toffoli.
19:00 of 2nd period - Stopped by Marc-André Fleury without a rebound.
19:01 of 2nd period - Mikko Koivu wins face-off versus Robert Nilsson in Capitals zone.
19:01 of 2nd period - Mikko Koivu is hit by Loui Eriksson.
19:31 of 2nd period - Snap shot by Derek Roy.
19:31 of 2nd period - Shot Misses the Net.
19:43 of 2nd period - Ondrej Palat is hit by Jason Akeson and loses puck.
Goals for this period are 0 for Capitals vs 1 for Canucks.
Shots for this period are 10 for Capitals vs 19 for Canucks.

3rd period


0:01 of 3rd period - Tyler Toffoli wins face-off versus Derek Roy in neutral zone.
0:27 of 3rd period - Mike Green is hit by Drew Fata.
0:49 of 3rd period - Snap shot by Alexander Steen.
0:49 of 3rd period - Stopped by Jacob Markstrom without a rebound.
0:50 of 3rd period - Robert Nilsson wins face-off versus Mikko Koivu in Canucks zone.
1:33 of 3rd period - Minor Penalty to James Wright for Hooking.
1:34 of 3rd period - Derek Roy wins face-off versus Robert Nilsson in Canucks zone.
2:01 of 3rd period - Robert Nilsson is hit by Ryan Getzlaf and loses puck.
2:06 of 3rd period - Snap shot by Jason Pominville.
2:06 of 3rd period - Goal by Jason Pominville - Capitals : 3 - Canucks : 1.
2:07 of 3rd period - Joe Pavelski wins face-off versus Robert Nilsson in neutral zone.
2:20 of 3rd period - Snap shot by Tyler Toffoli.
2:20 of 3rd period - Shot Blocked by Mike Green.
2:34 of 3rd period - Jeremy Morin is hit by Dustin Brown and loses puck.
2:43 of 3rd period - Mikko Koivu is hit by Jeremy Morin and loses puck.
3:35 of 3rd period - Snap shot by Robert Nilsson.
3:35 of 3rd period - Stopped by Marc-André Fleury with a rebound.
4:00 of 3rd period - Snap shot by Joe Pavelski.
4:00 of 3rd period - Stopped by Jacob Markstrom without a rebound.
4:01 of 3rd period - Ryan Getzlaf wins face-off versus Brandon Sutter in Canucks zone.
4:46 of 3rd period - Wrist shot by Jamie Benn.
4:46 of 3rd period - Shot Misses the Net.
5:08 of 3rd period - Jason Zucker is hit by Jason Pominville and loses puck.
5:23 of 3rd period - Slapshot by Jason Zucker.
5:23 of 3rd period - Goal by Jason Zucker - Capitals : 3 - Canucks : 2.
5:24 of 3rd period - Derek Roy wins face-off versus Robert Nilsson in neutral zone.
5:51 of 3rd period - Marc-Édouard Vlasic is hit by Seth Helgeson and loses puck.
6:35 of 3rd period - Icing by Dustin Brown.
6:36 of 3rd period - Robert Nilsson wins face-off versus Mikko Koivu in Capitals zone.
7:23 of 3rd period - Minor Penalty to Mikko Koivu for Hooking.
7:24 of 3rd period - Joe Pavelski wins face-off versus Robert Nilsson in Capitals zone.
9:12 of 3rd period - Icing by Jason Akeson.
9:13 of 3rd period - Ryan Getzlaf wins face-off versus Lane MacDermid in Canucks zone.
9:23 of 3rd period - Penalty to Mikko Koivu is over, Mikko Koivu is back on ice.
10:41 of 3rd period - Snap shot by Jason Zucker.
10:41 of 3rd period - Stopped by Marc-André Fleury with a rebound.
10:43 of 3rd period - Snap shot by Jason Akeson.
10:43 of 3rd period - Stopped by Marc-André Fleury without a rebound.
10:44 of 3rd period - Robert Nilsson wins face-off versus Derek Roy in Capitals zone.
10:53 of 3rd period - Snap shot by Loui Eriksson.
10:53 of 3rd period - Stopped by Marc-André Fleury with a rebound.
12:22 of 3rd period - Loui Eriksson is hit by Patrick Sharp.
12:35 of 3rd period - Icing by Duncan Keith.
12:36 of 3rd period - Ryan Getzlaf wins face-off versus Brandon Sutter in Capitals zone.
12:41 of 3rd period - Jamie Benn is hit by Mike Komisarek and loses puck.
14:02 of 3rd period - Robert Nilsson is hit by T.J. Oshie and loses puck.
14:09 of 3rd period - Snap shot by T.J. Oshie.
14:09 of 3rd period - Stopped by Jacob Markstrom with a rebound.
16:04 of 3rd period - Mike Green is hit by Loui Eriksson.
16:57 of 3rd period - Icing by Loui Eriksson.
16:58 of 3rd period - Derek Roy wins face-off versus Robert Nilsson in Canucks zone.
16:59 of 3rd period - Wrist shot by Joe Pavelski.
16:59 of 3rd period - Stopped by Jacob Markstrom without a rebound.
17:00 of 3rd period - Derek Roy wins face-off versus Robert Nilsson in Canucks zone.
17:15 of 3rd period - Snap shot by Robert Nilsson.
17:15 of 3rd period - Stopped by Marc-André Fleury with a rebound.
17:57 of 3rd period - Wrist shot by Alexander Steen.
17:57 of 3rd period - Shot Misses the Net.
17:59 of 3rd period - Wrist shot by Alexander Steen.
17:59 of 3rd period - Shot Misses the Net.
18:01 of 3rd period - Snap shot by Dustin Brown.
18:01 of 3rd period - Stopped by Jacob Markstrom without a rebound.
18:02 of 3rd period - Ryan Getzlaf wins face-off versus Brandon Sutter in Canucks zone.
18:17 of 3rd period - Wrist shot by Brandon Sutter.
18:17 of 3rd period - Stopped by Marc-André Fleury with a rebound.
18:27 of 3rd period - Robert Nilsson is hit by Mikko Koivu and loses puck.
18:38 of 3rd period - Snap shot by Mikko Koivu.
18:38 of 3rd period - Shot Blocked by Drew Fata.
18:50 of 3rd period - Andy Rogers is hit by Ryan Getzlaf and loses puck.
19:03 of 3rd period - Wrist shot by Derek Roy.
19:03 of 3rd period - Shot Misses the Net.
19:05 of 3rd period - Slapshot by Marc-Édouard Vlasic.
19:05 of 3rd period - Shot Misses the Net.
19:07 of 3rd period - Slapshot by Ryan Suter.
19:07 of 3rd period - Deflect By Joe Pavelski.
19:07 of 3rd period - Shot Misses the Net.
19:07 of 3rd period - Puck is out of play.
19:08 of 3rd period - Peter Laviolette call a timeout for Canucks.
19:08 of 3rd period - Derek Roy wins face-off versus Robert Nilsson in Canucks zone.
19:17 of 3rd period - Canucks, Jacob Markstrom is pulled from the net.
19:36 of 3rd period - Icing by Andy Rogers.
19:37 of 3rd period - Jacob Markstrom from Canucks was sent back in the game.
19:37 of 3rd period - Derek Roy wins face-off versus Robert Nilsson in Canucks zone.
19:46 of 3rd period - Snap shot by Derek Roy.
19:46 of 3rd period - Shot Misses the Net.
19:56 of 3rd period - Canucks, Jacob Markstrom is pulled from the net.
Goals for this period are 1 for Capitals vs 1 for Canucks.
Shots for this period are 6 for Capitals vs 7 for Canucks.